 Dungeon Crawl Stone Soup version 0.28-a0-845-gfc338a8e3c (webtiles) character file.

Game seed: 12563022887185655196

27 Crownlay the Digger (level 3, -2/19 HPs)
             Began as a Gargoyle Earth Elementalist on Nov 12, 2021.
             Slain by Crazy Yiuf (14 damage)
             ... on level 2 of the Dungeon.
             The game lasted 00:01:09 (2658 turns).

Crownlay the Digger (Gargoyle Earth Elementalist)   Turns: 2658, Time: 00:01:10

Health: -2/19      AC:  5    Str: 11    XL:     3   Next: 10%
Magic:  5/7        EV: 16    Int: 16    God:
Gold:   73         SH:  0    Dex: 10    Spells: 6/7 levels left

rFire   . . .      SeeInvis .   a - staff of cold
rCold   + . .      Faith    .   (no shield)
rNeg    + . .      Spirit   .   b - +0 robe
rPois   ∞          Reflect  .   (no helmet)
rElec   +          Harm     .   (no cloak)
rCorr   .          Rampage  .   (no gloves)
Will    .....                   (no boots)
Stlth   ++........              (no amulet)
HPRegen 0.06/turn               (no ring)
MPRegen 0.10/turn               (no ring)

@: agile
A: sickness immunity, AC +3, negative energy resistance 1, electricity
resistance, torment resistance 1, petrification resistance
a: no special abilities


You were on level 2 of the Dungeon.
You visited 1 branch of the dungeon, and saw 2 of its levels.

You collected 73 gold pieces.

Inventory:

Missiles
 c - 98 stones
Armour
 b - a +0 robe (worn)
Magical Staves
 a - a staff of cold (weapon)
Jewellery
 e - a +4 ring of protection
Scrolls
 d - 2 scrolls of magic mapping {unknown}
 f - a scroll of identify {unknown}
 g - 2 scrolls of blinking {unknown}
Potions
 h - 3 potions of curing {unknown}


   Skills:
 - Level 1.5 Dodging
 - Level 2.1 Stealth
 * Level 2.9 Spellcasting
 - Level 0.7 Transmutations
 + Level 4.1 Earth Magic


You had 6 spell levels left.
You knew the following spells:

 Your Spells              Type           Power      Damage    Failure   Level
a - Sandblast             Erth           30%        2d9       3%          1

Your spell library contained the following spells:

 Spells                   Type           Power      Damage    Failure   Level
 Passwall                 Tmut/Erth      8%         N/A       11%         2
 Stone Arrow              Conj/Erth      18%        3d8       24%         3
 Petrify                  Tmut/Erth      10%        N/A       56%         4


Dungeon Overview and Level Annotations

Branches:
Dungeon (2/15)

Altars:

Annotations:
D:2 Crazy Yiuf


Innate Abilities, Weirdness & Mutations

You are immune to sickness and miasma.
Your stone body is resilient. (AC +3)
You are immune to poison.
You resist negative energy. (rN+)
You are resistant to electric shocks. (rElec)
You are resistant to unholy torment.
You are immune to petrification.


Message History

The ball python constricts you. The ball python barely misses you.
The ball python constricts you.
You barely miss the ball python. The ball python barely misses you.
The ball python constricts you.
You closely miss the ball python. The ball python bites you.
The ball python constricts you.
The ball python bites you but does no damage.
The ball python constricts you.
You closely miss the ball python.
The ball python bites you but does no damage.
The ball python constricts you.
The blast of sand hits the ball python!
You kill the ball python!
You can't see any susceptible monsters within range! (Use Z to cast anyway.)
c - 100 stones (gained 14)
You now have 57 gold pieces (gained 7).
You now have 66 gold pieces (gained 9).
You now have 73 gold pieces (gained 7).
Found 19 sling bullets.
You see here 19 sling bullets.
You see here a ball python corpse.
There is a stone staircase leading up here.
Things that are here:
a +0 club; a goblin skeleton
h - 3 white potions (gained 1)
There is an open door here.
There is an open door here.
There is an open door here.
You open the door.
Crazy Yiuf shouts!
Crazy Yiuf whimpers, "Whiteboard!
Dawk arm tired."
The blast of sand hits Crazy Yiuf.
Crazy Yiuf is moderately wounded.
Crazy Yiuf hits you with a +4 quarterstaff of chaos!
You feel agile all of a sudden.
The blast of sand hits Crazy Yiuf.
Crazy Yiuf is moderately wounded.
Crazy Yiuf hits you with a +4 quarterstaff of chaos!
Ouch! That really hurt!
You die...

#.#
#...####....#
#..........
#.###...#
#....#
#..........
#...)...#
#....#
###########
#####...#
##...# #...#
##.## #...#
##.# #<..#
#.## ##...#
##.# #....#
#@## #.####
#g# #.# ...
#.#### #...#
#####....#
#)..#
#..†...###
#####
#.##....##
#.#......##
#.#..#..#.#


You could see Crazy Yiuf.

Vanquished Creatures
  2 dart slugs
  3 endoplasms (D:1)
  3 goblins (D:2)
  A hobgoblin (D:1)
  3 kobolds
  A quokka (D:2)
  2 ball pythons
  3 bats
  3 frilled lizards (D:1)
  4 rats
25 creatures vanquished.

Notes
Turn   | Place    | Note
-------+----------+-------------------------------------------
     0 | D:1      | Crownlay the Gargoyle Earth Elementalist began the quest
                  | for the Orb.
     0 | D:1      | Reached XP level 1. HP: 10/10 MP: 3/3
   245 | D:1      | Reached XP level 2. HP: 15/15 MP: 0/5
  1243 | D:1      | Reached skill level 4 in Earth Magic
  1325 | D:1      | Found a faded altar of an unknown god.
  1765 | D:2      | Reached XP level 3. HP: 19/19 MP: 7/7
  1989 | D:2      | Found a runed translucent door.
  1990 | D:2      | Noticed Crazy Yiuf
  2658 | D:2      | Slain by Crazy Yiuf

Illustrated notes

Levels and vault maps discovered:
D:1:      kennysheep_arrival_seaside, layout_loops_corners,
          shapermc_ecumenical_altar_mp_vishouse
D:2:      layout_basic, uniq_crazy_yiuf_cottage

Skill      XL: |  1  2 |
---------------+-------+-----
Earth Magic    | 4 |  4.1
Dodging        | |  1.5
Stealth        | |  2.1
Spellcasting   | |  2.9
Transmutations | |  0.7

Action                   || total
-------------------------++-------
Melee: Unarmed           ||     1
       Staff             ||    31
 Cast: Sandblast         ||    24
 Stab: Sleeping          ||     2
Armor: Robe              ||    12
Dodge: Dodged            ||    13

Table legend: (Time is in decaauts)
 A = Elapsed time spent in this place.
 B = Non-inter-level travel time spent in this place.
 C = Inter-level travel time spent in this place.
 D = Time resting spent in this place.
 E = Time spent auto-exploring this place.
 F = Levels seen in this place.
 G = Mean time per level.
                   A        B        C        D        E       F      G
               +--------+--------+--------+--------+--------+-----+--------+
         Total |   2667 |   2634 |     33 |      0 |   2470 |   2 | 1333.5 |
       Dungeon |   2667 |   2634 |     33 |      0 |   2470 |   2 | 1333.5 |
               +--------+--------+--------+--------+--------+-----+--------+

Top non-repeatable levels by time:
     D:1: 1444 daAuts
     D:2: 1222 daAuts
